 Dungeon Crawl Stone Soup version 0.28.0-43-g3370ac3207 (webtiles) character file.

Game seed: 2707733521945224284

15544 pkoi the Arsonist (level 11, 0/88 HPs)
             Began as a Demigod Fire Elementalist on Mar 22, 2022.
             Killed from afar by a lava snake (5 damage)
             ... with a glob of lava
             ... in a volcano.
             The game lasted 00:27:43 (18679 turns).

pkoi the Arsonist (Demigod Fire Elementalist)      Turns: 18679, Time: 00:27:44

Health: 0/88       AC: 11    Str: 12    XL:     11   Next: 70%
Magic:  9/24       EV: 13    Int: 29    God:
Gold:   556        SH:  0    Dex: 11    Spells: 11/22 levels left

rFire   + + .      SeeInvis .   B - +7 scimitar of Rotsac {vorpal, rCorr Str+3 Dex-3}
rCold   x . .      Faith    .   (no shield)
rNeg    . . .      Spirit   .   E - +0 steam dragon scales
rPois   .          Reflect  .   (no helmet)
rElec   .          Harm     .   j - +2 cloak
rCorr   +          Rampage  +   (no gloves)
Will    +....                   g - +1 pair of boots
Stlth   +++.......              y - amulet "Zuemen" {RegenMP Rampage Stlth+}
HPRegen 0.24/turn               c - ring of fire
MPRegen 0.59/turn               F - ring of protection from fire

@: no status effects
A: high MP 1, forlorn, divine attributes
a: no special abilities


You were in a volcano.
You visited 3 branches of the dungeon, and saw 15 of its levels.
You also visited: Volcano.

You collected 736 gold pieces.
You spent 180 gold pieces at shops.

Inventory:

Hand Weapons
 b - a +0 whip
 h - a +2 dagger of electrocution
 r - a +2 dagger of venom
 B - the +7 scimitar of Rotsac (weapon) {vorpal, rCorr Str+3 Dex-3}
   (You found it on level 8 of the Dungeon)

   It inflicts extra damage upon your enemies.
   Str:       It affects your strength (+3).
   Dex:       It affects your dexterity (-3).
   rCorr:     It protects you from acid and corrosion.
Armour
 a - a +0 robe
 g - a +1 pair of boots (worn)
 j - a +2 cloak (worn)
 E - +0 steam dragon scales (worn)
Jewellery
 c - a ring of fire (left hand)
 p - a ring of flight
 q - a +4 ring of protection
 y - the amulet "Zuemen" (around neck) {RegenMP Rampage Stlth+}
   (You acquired it on level 7 of the Dungeon)

   [amulet of magic regeneration]

   It increases your rate of magic regeneration.
   Rampage:   It bestows one free step when moving towards enemies.
   Stlth:     It makes you more stealthy.
 F - a ring of protection from fire (right hand)
 H - a ring of willpower
 K - a ring of positive energy
Wands
 u - a wand of flame (29)
 w - a wand of acid (13)
 z - a wand of iceblast (19)
 D - a wand of paralysis (10)
Scrolls
 e - 3 scrolls of immolation
 o - a scroll of amnesia
 t - 2 scrolls of fear
 A - 5 scrolls of teleportation
Potions
 d - 2 potions of cancellation {unknown}
 f - 4 potions of heal wounds
 i - a potion of invisibility
 k - 6 potions of flight {unknown}
 l - 2 potions of ambrosia
 m - a potion of attraction
 n - 2 potions of curing
 s - a potion of haste
 v - a potion of resistance
 x - a potion of lignification
 C - a potion of brilliance
 G - 3 potions of mutation {unknown}
 I - 4 potions of degeneration {unknown}


   Skills:
 + Level 5.3 Fighting
 - Level 3.6 Armour
 - Level 4.1 Dodging
 - Level 1.7 Stealth
 * Level 5.1 Unarmed Combat
 - Level 6.0 Spellcasting
 + Level 8.3 Conjurations
 - Level 3.0 Hexes
 + Level 5.5 Translocations
 + Level 8.8 Fire Magic
 - Level 3.0 Air Magic
 - Level 3.0 Poison Magic


You had 11 spell levels left.
You knew the following spells:

 Your Spells              Type           Power      Damage    Failure   Level
a - Foxfire               Conj/Fire      100%       2x1d9     1%          1
b - Scorch                Fire           100%       2d10      1%          2
c - Poisonous Vapours     Pois/Air       52%        N/A       2%          2
d - Blink                 Tloc           80%        N/A       1%          2
e - Inner Flame           Hex/Fire       59%        N/A       1%          3
f - Apportation           Tloc           80%        N/A       1%          1

Your spell library contained the following spells:

 Spells                   Type           Power      Damage    Failure   Level
 Magic Dart               Conj           100%       1d8       1%          1
 Slow                     Hex            100%       N/A       1%          1
 Static Discharge         Conj/Air       41%        N/A       1%          2
 Conjure Flame            Conj/Fire      73%        6-21      1%          3
 Flame Wave               Conj/Fire      73%        2d13      1%          4
 Sticky Flame             Conj/Fire      73%        2d9       1%          4
 Mephitic Cloud           Conj/Pois/Air  36%        N/A       2%          3
 Corpse Rot               Necr/Air       34%        N/A       4%          2
 Confusing Touch          Hex            26%        N/A       4%          3
 Call Imp                 Summ           8%         N/A       9%          2
 Manifold Assault         Tloc           40%        N/A       16%         5
 Vampiric Draining        Necr           8%         2d6       17%         3
 Dispel Undead            Necr           8%         3d8       50%         4
 Alistair's Intoxication  Tmut/Pois      11%        N/A       63%         5
 Storm Form               Tmut/Air       8%         N/A       100%        7


Dungeon Overview and Level Annotations

Branches:
Dungeon (12/15)            Temple (1/1) D:5            Lair (2/6) D:11
  Swamp (0/4) Lair:2      Volcano (1/1)
  Snake: Lair:2-4    Spider: Lair:2-4       Orc: D:9-12

Shops:
D:1 *=*(   D:4 ((   D:5 (*!=!   D:9 *

Annotations:
Lair:2 1 transporter


Innate Abilities, Weirdness & Mutations

You have an increased reservoir of magic. (+10% MP)
You shall have no god before yourself.
Your divine heritage dramatically boosts your attributes as you level up.


Message History

The lava snake spits lava at you. The glob of lava hits you.
You partially resist.
* * * LOW HITPOINT WARNING * * *
The lava snake misses you.
Unknown command.
You closely miss the lava snake.
The lava snake is almost dead.
The lava snake bites you but does no damage.
The lava snake spits lava at you. The glob of lava hits you.
You partially resist.
* * * LOW HITPOINT WARNING * * *
The lava snake bites you but does no damage.
You hit the lava snake.
You kill the lava snake!
The lava snake spits lava at you. The glob of lava hits you!
You partially resist.
* * * LOW HITPOINT WARNING * * *
Unknown command.
Casting: Poisonous Vapours (safe; 2% risk of failure)
Confirm with . or Enter, or press ? or * to list all spells.
You feel a surge of power!
Flames lash the lava snake.
The lava snake completely resists.
The lava snake completely misses you.
Unknown command.
Casting: Scorch (safe; 1% risk of failure)
Confirm with . or Enter, or press ? or * to list all spells.
You feel a surge of power!
Flames lash the lava snake.
The lava snake completely resists.
The lava snake barely misses you.
Unknown command.
Casting: Scorch (safe; 1% risk of failure)
Confirm with . or Enter, or press ? or * to list all spells.
You feel a surge of power!
Flames lash the lava snake.
The lava snake completely resists.
The lava snake misses you.
Unknown command.
Casting: Scorch (safe; 1% risk of failure)
Confirm with . or Enter, or press ? or * to list all spells.
You feel a surge of power!
Flames lash the lava snake.
The lava snake completely resists.
The lava snake spits lava at you. The glob of lava hits you.
You partially resist.
You die...

§≈≈§§§≈§≈≈§§§≈....#
≈≈§≈≈§≈§≈§§≈≈§≈≈....##
§≈§≈§§§≈≈≈≈§≈§.§...##
≈≈≈≈≈§≈≈≈≈≈§§§....##
≈≈§≈≈§≈≈≈§≈.......#
≈§≈≈≈≈§≈≈≈......###
≈≈≈§§≈≈≈≈.....###
≈≈≈§§§S≈....###
≈≈≈§≈§.@..#.#
≈≈≈§...##.### ≈≈≈.###
### ... #


You could see a lava snake (catching breath).

Vanquished Creatures
  A boulder beetle (D:11)
  A hydra (D:11)
  3 two-headed ogres
  A manticore (D:11)
  Maurice (D:8)
  Maggie (D:8)
  4 cane toads
  A komodo dragon (Lair:1)
  4 blink frogs (Lair:2)
  A shadow (D:10)
  A wyvern (D:6)
  2 wraiths
  A spriggan (shapeshifter) (D:12)
  A basilisk (Lair:2)
  6 fire bats (Volcano)
  15 yaks
  A vampire (D:11)
  4 acid dragons
  4 water moccasins
  A black bear (Lair:1)
  2 orc warriors
  3 sky beasts
  2 ogres
  3 ice beasts
  A necrophage (D:6)
  A phantom (D:5)
  3 centaurs
  A kobold brigand (D:10)
  11 bullfrogs
  A scorpion (D:3)
  A wyvern skeleton (D:6)
  11 killer bees
  4 electric eels (Lair:2)
  3 wights (D:10)
  4 lava snakes (Volcano)
  4 centaur zombies
  A jelly (D:4)
  A bullfrog skeleton (D:5)
  4 orc priests
  A gnoll shaman (D:8)
  4 hounds
  An iguana (D:7)
  4 orc wizards
  A howler monkey zombie (D:9)
  A howler monkey skeleton (D:4)
  5 gnolls (D:8)
  4 adders
  A shadow imp (D:6)
  A white imp (D:6)
  An adder skeleton (D:4)
  A worm (D:4)
  2 dart slugs
  56 orcs
  6 ball pythons
  7 endoplasms
  3 giant cockroaches
  15 goblins
  11 hobgoblins
  6 jackals
  3 quokkas
  2 bats
  2 frilled lizards
  12 kobolds
  3 rats
  A butterfly (Lair:1)
269 creatures vanquished.

Vanquished Creatures (collateral kills)
  16 foxfires
16 creatures vanquished.

Vanquished Creatures (others)
  876 foxfires
  14 fungi
  6 plants (Lair:1)
896 creatures vanquished.

Grand Total: 1181 creatures vanquished

Notes
Turn   | Place    | Note
-------+----------+-------------------------------------------
     0 | D:1      | pkoi the Demigod Fire Elementalist began the quest for the
                  | Orb.
     0 | D:1      | Reached XP level 1. HP: 14/14 MP: 5/5
    22 | D:1      | Reached skill level 1 in Conjurations
   130 | D:1      | Found Ihorch's Weapon Shop.
   243 | D:1      | Reached XP level 2. HP: 20/20 MP: 0/7
   530 | D:1      | Found Piquink's General Store.
   773 | D:1      | Learned a level 2 spell: Scorch
  1034 | D:1      | Learned a level 2 spell: Poisonous Vapours
  1432 | D:1      | Found Ehuohien's Jewellery Emporium.
  1622 | D:1      | Found Unewaof's General Store.
  1669 | D:1      | Reached XP level 3. HP: 26/26 MP: 5/8
  2962 | D:3      | Noticed a scorpion
  2970 | D:3      | Killed a scorpion
  2971 | D:3      | Reached skill level 1 in Air Magic
  2971 | D:3      | Reached skill level 1 in Poison Magic
  2971 | D:3      | Reached XP level 4. HP: 33/33 MP: 3/10
  3143 | D:3      | Noticed an ice beast
  3152 | D:3      | Killed an ice beast
  3153 | D:3      | Reached XP level 5. HP: 38/38 MP: 3/12
  4021 | D:3      | Learned a level 2 spell: Blink
  4105 | D:4      | Found Hakazeg's Weapon Boutique.
  4541 | D:4      | Reached XP level 6. HP: 45/45 MP: 4/13
  4732 | D:4      | Found Foes's Antique Weapon Shop.
  4735 | D:4      | Reached skill level 1 in Translocations
  5668 | D:4      | Reached skill level 1 in Unarmed Combat
  6123 | D:4      | Learned a level 3 spell: Inner Flame
  6150 | D:5      | Entered Level 5 of the Dungeon
  6150 | D:5      | Found Eroerook's Distillery.
  6153 | D:5      | Bought a potion of heal wounds for 60 gold pieces
  6153 | D:5      | Bought a potion of haste for 120 gold pieces
  6371 | D:5      | Reached XP level 7. HP: 46/50 MP: 12/14
  6960 | D:5      | Found a staircase to the Ecumenical Temple.
  6969 | Temple   | Entered the Ecumenical Temple
  7064 | D:5      | Found Raxyrhoho's General Store.
  7135 | D:5      | Reached skill level 1 in Hexes
  7428 | D:5      | Found Mevvoan's Jewellery Shoppe.
  7509 | D:5      | Found Bisajay's Distillery.
  7590 | D:5      | Found Kehe's Antique Weapon Emporium.
  7839 | D:6      | Noticed a wyvern
  7848 | D:6      | Killed a wyvern
  8272 | D:6      | Reached XP level 8. HP: 57/57 MP: 10/16
  8535 | D:6      | Reached skill level 5 in Fire Magic
  9403 | D:7      | Identified a scroll of acquirement
  9403 | D:7      | Acquired the amulet "Zuemen" {RegenMP Rampage Stlth+}
  9711 | D:7      | Reached skill level 5 in Conjurations
 10021 | D:8      | Noticed Maurice
 10033 | D:8      | Killed Maurice
 10034 | D:8      | Reached skill level 5 in Spellcasting
 10034 | D:8      | Reached XP level 9. HP: 62/62 MP: 13/20
 10429 | D:8      | Identified the +7 scimitar of Rotsac {vorpal, rCorr Str+3
                  | Dex-3}
 10689 | D:8      | Noticed Maggie
 10699 | D:8      | Killed Maggie
 11369 | D:9      | Found a flagged portal.
 11404 | D:9      | You fall into a shaft and drop 3 floors!
 11551 | D:12     | Reached skill level 1 in Fighting
 11551 | D:12     | Reached skill level 1 in Armour
 11669 | D:11     | Noticed a two-headed ogre
 11677 | D:11     | Killed a two-headed ogre
 11725 | D:11     | Reached XP level 10. HP: 53/73 MP: 11/22
 12122 | D:11     | Noticed a manticore
 12127 | D:11     | Killed a manticore
 12183 | D:10     | Entered Level 10 of the Dungeon
 12298 | D:10     | Learned a level 1 spell: Apportation
 12399 | D:9      | Noticed a two-headed ogre
 12404 | D:9      | Killed a two-headed ogre
 12464 | D:9      | Found Xourigum's Overcharged Wands.
 15057 | D:11     | Noticed a four-headed hydra
 15066 | D:11     | Killed a four-headed hydra
 15358 | D:11     | Noticed a two-headed ogre
 15364 | D:11     | Killed a two-headed ogre
 15389 | D:11     | Noticed a boulder beetle
 15402 | D:11     | Killed a boulder beetle
 15403 | D:11     | Reached XP level 11. HP: 49/84 MP: 5/24
 15615 | D:11     | HP: 1/84 [something (9)]
 16413 | D:11     | Found a staircase to the Lair.
 16418 | Lair:1   | Entered Level 1 of the Lair of Beasts
 17257 | Lair:1   | Reached skill level 5 in Translocations
 17949 | Lair:1   | Reached skill level 5 in Fighting
 18109 | Lair:2   | Found a transporter.
 18314 | Lair:2   | Found a dark tunnel.
 18322 | Volcano  | Entered a volcano
 18666 | Volcano  | Reached skill level 5 in Unarmed Combat
 18675 | Volcano  | HP: 4/88 [lava snake/glob of lava (13)]
 18679 | Volcano  | Killed from afar by a lava snake

Illustrated notes

Levels and vault maps discovered:
D:1:      pf_arrival_petrified_forest, layout_loops_ring, serial_shops,
          nicolae_shop_advertising_works [nicolae_subvault_shop_adworks],
          nicolae_shop_temple_entry_statues_fountains, shop, shop,
          minmay_distorted
D:2:      layout_loops_ring, basic_ecumenical_altar
D:3:      layout_loops_ring, cheibrodos_ashenzari_chains,
          mainiacjoe_overflow_alcove_4
D:4:      layout_loops_ring, serial_shops, nicolae_shop_bloodbath_and_beyond,
          nicolae_shop_behind_doors, minmay_ogre_servants
D:5:      layout_cave_pools, mainiacjoe_overflow_surrounded_room,
          okawaru_metal_pillars_1_2, minmay_temple_entry_gardened_gates,
          serial_shops, shop, shop, nicolae_stop_n_shop_2, shop, shop,
          minmay_crystal_room
D:6:      layout_layer_cave, grunt_qazlal_clouds, mainiacjoe_overflow_24_doors
D:7:      layout_rooms
D:8:      corexii_shack_village, layout_basic, nzn_wu_jian_council_hall,
          kennysheep_generic_room_10, uniq_maggie, uniq_maurice
D:9:      layout_irregular_city, lemuel_zombie_altar_yredelemnul,
          enter_bailey_6, nicolae_shop_overcharged_wands
D:10:     layout_long_grid, doesnt_xom_only_xom, nicolae_vehumet_altar_sigil,
          gammafunk_temple_overflow_statue
D:11:     layout_stronghold, lair_entry_dummy, chequers_serial_rivers_room_b,
          uniq_harold
D:12:     layout_small_grid, minmay_orc_entry_guard_dogs
Temple:   zaba_magenta_temple
Lair:1:   layout_loops_ring, gauntlet_entry_generic, lemuel_fruit_fields
Lair:2:   gammafunk_cloud_chamber, layout_gridlike, palyth_hydra_swamp_entry,
          lightli_volcano_entry_magma_tube
Volcano:  volcano_grotto [vgs_many_chambers]

Skill      XL: |  1  2  3  4  5  6  7  8  9 10 11 |
---------------+----------------------------------+-----
Conjurations   | 1 2 3 4 5 6 7 8 |  8.3
Fire Magic     | 3 4 6 7 8 |  8.8
Spellcasting   | 2 3 5 6 |  6.0
Air Magic      | 1 2 3 |  3.0
Poison Magic   | 1 2 3 |  3.0
Translocations | 1 2 3 4 5 |  5.5
Unarmed Combat | 1 2 5 |  5.1
Hexes          | 1 3 |  3.0
Dodging        | 2 4 |  4.1
Fighting       | 1 4 5 |  5.3
Armour         | 1 3 |  3.6
Stealth        | |  1.7

Action                   |  1- 3 |  4- 6 |  7- 9 | 10-12 || total
-------------------------+-------+-------+-------+-------++-------
Melee: Whip              |    25 |       |       |       ||    25
       Dagger            |     5 |    14 |     4 |       ||    23
       Punch             |       |     1 |       |     1 ||     2
       Scimitar          |       |       |     5 |    38 ||    43
 Cast: Foxfire           |    63 |    96 |   198 |   170 ||   527
       Scorch            |     4 |    27 |    61 |    78 ||   170
       Inner Flame       |       |       |     3 |    27 ||    30
       Poisonous Vapours |       |       |     2 |    24 ||    26
  Use: Scroll            |     5 |     3 |     9 |     5 ||    22
       Potion            |       |       |       |     2 ||     2
Armor: Robe              |     5 |     7 |    11 |       ||    23
       Steam dragon scal |       |       |    16 |    92 ||   108
Dodge: Dodged            |    25 |    18 |    52 |   102 ||   197
